 Dungeon Crawl Stone Soup version 0.21.1-1-g345015f (webtiles) character file.

57 troglodite the Skirmisher (level 3, 0/30 HPs)
             Began as a Demonspawn Berserker on Feb 26, 2018.
             Was a Believer of Trog.
             Slain by a frilled lizard (1 damage)
             ... on level 2 of the Dungeon.
             The game lasted 00:03:06 (1142 turns).

troglodite the Skirmisher (Demonspawn Berserker)    Turns: 1142, Time: 00:03:06

Health: 0/30       AC:  2    Str: 22    XL:     3   Next: 73%
Magic:  3/3        EV: 12    Int:  8    God:    Trog [**....]
Gold:   79         SH:  4    Dex: 13    Spells: 2/2 levels left

rFire    . . .     SeeInvis .   a - +0 falchion
rCold    . . .     Gourm    .   (no shield)
rNeg     + + .     Faith    .   b - +0 animal skin
rPois    .         Spirit   .   (no helmet)
rElec    .         Reflect  .   (no cloak)
rCorr    .         Harm     .   (no gloves)
MR       .....                  (no boots)
Stlth    +.........             (no amulet)
HPRegen  0.10/turn              h - ring of positive energy
MPRegen  0.08/turn              l - ring of positive energy

@: mighty, berserk cooldown, slowed, very slow
A: large bone plates 1, demonic guardian 1
a: Berserk, Trog's Hand, Burn Spellbooks, Renounce Religion


You were on level 2 of the Dungeon.
You worshipped Trog.
Trog was pleased with you.
You were hungry.

You visited 1 branch of the dungeon, and saw 2 of its levels.

You collected 79 gold pieces.

Inventory:

Hand Weapons
 a - a +0 falchion (weapon)
Armour
 b - a +0 animal skin (worn)
Jewellery
 f - an uncursed ring of wizardry {unknown}
 h - a ring of positive energy (left hand)
 l - a ring of positive energy (right hand)
Scrolls
 d - 2 scrolls of identify {unknown}
 e - a scroll of magic mapping {unknown}
 g - a scroll of teleportation {unknown}
 k - a scroll of enchant armour {unknown}
Potions
 j - a potion of heal wounds {unknown}
 m - a potion of haste {unknown}
Comestibles
 c - 3 rations


   Skills:
 * Level 3.7 Fighting
 + Level 3.1 Long Blades
 * Level 2.2 Armour
 * Level 2.3 Dodging


You had 2 spell levels left.
You didn't know any spells.

Dungeon Overview and Level Annotations

Branches:
Dungeon (2/15)

Altars:
Okawaru


Innate Abilities, Weirdness & Mutations

You are partially covered in large bone plates. (SH +4)
A weak demonic guardian rushes to your aid.


Message History

You barely miss the frilled lizard. The frilled lizard closely misses you.
You closely miss the frilled lizard. You miss the frilled lizard.
The frilled lizard barely misses you.
You miss the frilled lizard. The frilled lizard barely misses you.
You miss the frilled lizard. The frilled lizard bites you.
* * * LOW HITPOINT WARNING * * *
You miss the frilled lizard. You closely miss the frilled lizard.
You are no longer berserk.
You pass out from exhaustion.
You feel yourself slow down. The frilled lizard bites you.
* * * LOW HITPOINT WARNING * * *
The frilled lizard bites you.
* * * LOW HITPOINT WARNING * * *
You can move again.
It was a potion of might.
You feel very mighty all of a sudden.
The frilled lizard completely misses you.
The frilled lizard bites you.
You die...

. #.#.###<.. .#. #.
#.#.....## .##.. #.#
#.#.###.##
.....####...###.#.# #...
.........# #.##.#.###.##
#........# #..........##
.........###.######.#...
.......l............####
###@†...............
##################


You could see a frilled lizard.

Vanquished Creatures
  An adder (D:2)
  3 worms (D:2)
  3 dart slugs
  2 leopard geckos
  A giant cockroach (D:2)
  5 goblins
  4 hobgoblins
  3 jackals (D:2)
  A kobold (D:1)
  A quokka (D:2)
  2 bats (D:2)
  5 rats (D:1)
31 creatures vanquished.

Notes
Turn   | Place    | Note
-------+----------+-------------------------------------------
     0 | D:1      | troglodite the Demonspawn Berserker began the quest for the Orb.
     0 | D:1      | Reached XP level 1. HP: 18/18 MP: 1/1
   127 | D:1      | Gained mutation: A weak demonic guardian rushes to your aid. [demonic ancestry]
   127 | D:1      | Reached XP level 2. HP: 15/24 MP: 2/2
   777 | D:2      | Gained mutation: You are partially covered in large bone plates. (SH +4) [demonic ancestry]
   777 | D:2      | Reached XP level 3. HP: 29/29 MP: 3/3
   787 | D:2      | Reached ** piety under Trog
  1037 | D:2      | Found an iron altar of Okawaru.
  1141 | D:2      | HP: 1/30 [frilled lizard (1)]
  1142 | D:2      | Slain by a frilled lizard

Skill      XL: |  1  2  3 |
---------------+----------+-----
Dodging        | 2 |  2.3
Armour         | 2 |  2.2
Long Blades    | 3 |  3.1
Fighting       | |  3.7

Action                   || total
-------------------------++-------
Melee: Falchion          ||    93
Invok: Berserk           ||     3
  Use: Potion            ||     1
  Eat: Chunk             ||     3
Armor: Animal skin       ||    10
Dodge: Dodged            ||    51
Block: Other             ||     8
       Rpst.: Falchion   ||    17
